 Dungeon Crawl Stone Soup version 0.26.1-11-gd32895ea62 (webtiles) character file.

Game seed: 16427133855690493778

541362 ZappyNine the Slayer (level 27, 0/228 HPs)
             Began as a Formicid Fighter on June 2, 2021.
             Was an Elder of Qazlal.
             Slain by a vault warden
             ... wielding a +1 war axe of electrocution
              (21 damage)
             ... on level 5 of the Vaults.
             The game lasted 02:21:46 (49164 turns).

ZappyNine the Slayer (Formicid Fighter)            Turns: 49164, Time: 02:21:47

Health: 0/228      AC: 39    Str: 27    XL:     27
Magic:  1/45       EV: 14    Int:  9    God:    Qazlal [****..]
Gold:   6266       SH: 41    Dex: 16    Spells: 18/26 levels left

rFire    + + .     SeeInvis +   m - +9 dire flail (flame)
rCold    + + +     Faith    .   K - +5 tower shield {reflect}
rNeg     + . .     Spirit   .   i - +6 gold dragon scales
rPois    +         Reflect  +   (helmet unavailable)
rElec    +         Harm     .   g - +2 ratskin cloak {*Rats rPois rN+ Str-1 Int-1 Dex+1}
rCorr    +         Rampage  +   c - +0 pair of gloves {Dex+3}
Will     ++...                  Y - +1 pair of boots {rampage}
Stlth    ..........             w - amulet of regeneration
HPRegen  0.88/turn              R - ring of the Gastropod {rC+ MP+9 EV+4 Str-4}
MPRegen  0.29/turn              a - ring "Jomon" {rC+ Str+4}

@: mighty, resistant, protected from physical damage, very slightly
contaminated, constricted, invisible, repel missiles
A: permanent stasis, dig shafts and tunnels, four strong arms, antennae 3,
talons 1, large bone plates 2, clumsy 1
}: 2/15 runes: decaying, serpentine
a: Dig, Shaft Self, Renounce Religion, Upheaval, Elemental Force


You were on level 5 of the Vaults.
You worshipped Qazlal.
Qazlal was greatly pleased with you.
You visited 9 branches of the dungeon, and saw 45 of its levels.
You also visited: Sewer, Ossuary, Bailey and Wizlab.

You collected 7537 gold pieces.
You spent 1271 gold pieces at shops.

Inventory:

Hand Weapons
 m - a +9 dire flail of flaming (weapon)
Armour
 c - a +0 pair of gloves of dexterity (worn)
 g - the +2 ratskin cloak (worn) {*Rats rPois rN+ Str-1 Int-1 Dex+1}
   (You found it on level 3 of the Elven Halls)

   It affects your strength (-1).
   It affects your intelligence (-1).
   It affects your dexterity (+1).
   It protects you from poison.
   It protects you from negative energy.
 i - +6 gold dragon scales (worn)
 s - the +0 pair of boots "Ostiys" {rC+}
   (You found it on level 2 of the Vaults)

   It protects you from cold.
 x - the +2 fire dragon scales "Intau" {rElec rPois rF++ rC- Str+3 Int-2}
   (You found it on level 2 of the Vaults)

   It affects your strength (+3).
   It affects your intelligence (-2).
   It greatly protects you from fire.
   It makes you vulnerable to cold.
   It insulates you from electricity.
   It protects you from poison.
 J - the +2 pair of gloves "Mexase" {rN++ Dex-4}
   (You found it on level 6 of the Dungeon)

   It affects your dexterity (-4).
   It greatly protects you from negative energy.
 K - a +5 tower shield of reflection (worn)
 W - a +1 pair of boots of flying
 Y - a +1 pair of boots of rampaging (worn)
Jewellery
 a - the ring "Jomon" (right hand) {rC+ Str+4}
   (You found it on level 6 of the Lair of Beasts)

   [ring of protection from cold]

   It affects your strength (+4).
   It protects you from cold.
 t - a +4 ring of slaying
 w - an amulet of regeneration (around neck)
 H - an uncursed ring of resist corrosion
 L - an uncursed ring of ice
 N - an uncursed ring of willpower
 R - the ring of the Gastropod (left hand) {rC+ MP+9 EV+4 Str-4}
   (You bought it in a shop on level 2 of the Orcish Mines)

   [ring of evasion]

   It affects your evasion (+4).
   It affects your strength (-4).
   It protects you from cold.
   It affects your magic capacity (+9).
Wands
 h - a wand of iceblast (53)
 j - a wand of paralysis (40)
 o - a wand of enslavement (6)
 G - a wand of digging (8)
 M - a wand of acid (25)
 O - a wand of polymorph (38)
 Q - a wand of disintegration (12)
 X - a wand of flame (58)
Scrolls
 e - 6 scrolls of identify
 l - a scroll of silence
 u - a scroll of magic mapping
 y - 4 scrolls of fear
 z - 10 scrolls of amnesia
 C - 2 scrolls of holy word
 E - 2 scrolls of remove curse
 I - 5 scrolls of fog
 S - 7 scrolls of enchant weapon
Potions
 d - 4 potions of might
 f - a potion of ambrosia
 n - 19 potions of curing
 q - 12 potions of brilliance
 r - 11 potions of lignification
 v - 5 potions of mutation
 B - 6 potions of cancellation
 D - 7 potions of magic
 F - 5 potions of flight
Miscellaneous
 p - a tin of tremorstones (inert)
 V - a phantom mirror
 Z - a condenser vane (inert)


   Skills:
 + Level 21.3 Fighting
 - Level 2.1 Long Blades
 + Level 20.0 Maces & Flails
 + Level 18.4 Armour
 - Level 12.3 Dodging
 + Level 20.9 Shields
 - Level 18.9 Invocations
 - Level 14.4 Evocations


You had 18 spell levels left.
You knew the following spells:

 Your Spells              Type           Power        Failure   Level
a - Discord               Hex            0%           100%        8

Your spell library contained the following spells:

 Spells                   Type           Power        Failure   Level
 Animate Skeleton         Necr           0%           99%         1
 Apportation              Tloc           0%           99%         1
 Corona                   Hex            0%           99%         1
 Foxfire                  Conj/Fire      0%           99%         1
 Freeze                   Ice            0%           99%         1
 Magic Dart               Conj           0%           99%         1
 Sandblast                Erth           0%           99%         1
 Sting                    Tmut/Pois      0%           99%         1
 Summon Small Mammal      Summ           0%           99%         1
 Call Imp                 Summ           0%           100%        2
 Ensorcelled Hibernation  Hex/Ice        0%           100%        2
 Passwall                 Tmut/Erth      0%           100%        2
 Poisonous Vapours        Pois/Air       0%           100%        2
 Searing Ray              Conj           0%           100%        2
 Slow                     Hex            0%           100%        2
 Sublimation of Blood     Necr           0%           100%        2
 Confusing Touch          Hex            0%           100%        3
 Conjure Flame            Conj/Fire      0%           100%        3
 Dazzling Flash           Conj/Hex       0%           100%        3
 Frozen Ramparts          Ice            0%           100%        3
 Gell's Gravitas          Tloc           0%           100%        3
 Ignite Poison            Fire/Tmut/Pois 0%           100%        3
 Inner Flame              Hex/Fire       0%           100%        3
 Lesser Beckoning         Tloc           0%           100%        3
 Mephitic Cloud           Conj/Pois/Air  0%           100%        3
 Ozocubu's Armour         Ice            0%           100%        3
 Portal Projectile        Hex/Tloc       0%           100%        3
 Stone Arrow              Conj/Erth      0%           100%        3
 Teleport Other           Tloc           0%           100%        3
 Tukima's Dance           Hex            0%           100%        3
 Animate Dead             Necr           0%           100%        4
 Cause Fear               Hex            0%           100%        4
 Fulminant Prism          Conj/Hex       0%           100%        4
 Hailstorm                Conj/Ice       0%           100%        4
 Ice Form                 Ice/Tmut       0%           100%        4
 Iskenderun's Mystic Bla  Conj/Tloc      0%           100%        4
 Leda's Liquefaction      Hex/Erth       0%           100%        4
 Olgreb's Toxic Radiance  Pois           0%           100%        4
 Petrify                  Tmut/Erth      0%           100%        4
 Sticky Flame             Conj/Fire      0%           100%        4
 Summon Ice Beast         Ice/Summ       0%           100%        4
 Summon Lightning Spire   Summ/Air       0%           100%        4
 Alistair's Intoxication  Tmut/Pois      0%           100%        5
 Bolt of Magma            Conj/Fire/Erth 0%           100%        5
 Borgnjor's Vile Clutch   Necr/Erth      0%           100%        5
 Fireball                 Conj/Fire      0%           100%        5
 Irradiate                Conj/Tmut      0%           100%        5
 Lee's Rapid Deconstruct  Erth           0%           100%        5
 Metabolic Englaciation   Hex/Ice        0%           100%        5
 Silence                  Hex/Air        0%           100%        5
 Summon Demon             Summ           0%           100%        5
 Summon Forest            Summ/Tloc      0%           100%        5
 Summon Mana Viper        Hex/Summ       0%           100%        5
 Yara's Violent Unravell  Hex/Tmut       0%           100%        5
 Conjure Ball Lightning   Conj/Air       0%           100%        6
 Death Channel            Necr           0%           100%        6
 Eringya's Noxious Bog    Tmut/Pois      0%           100%        6
 Freezing Cloud           Conj/Ice/Air   0%           100%        6
 Invisibility             Hex            0%           100%        6
 Iron Shot                Conj/Erth      0%           100%        6
 Ozocubu's Refrigeration  Ice            0%           100%        6
 Shadow Creatures         Summ           N/A          100%        6
 Simulacrum               Ice/Necr       0%           100%        6
 Starburst                Conj/Fire      0%           100%        6
 Statue Form              Tmut/Erth      0%           100%        6
 Malign Gateway           Summ/Tloc      0%           100%        7
 Monstrous Menagerie      Summ           0%           100%        7
 Summon Greater Demon     Summ           0%           100%        7
 Summon Hydra             Summ           0%           100%        7
 Ignition                 Fire           0%           100%        8
 Summon Horrible Things   Summ           0%           100%        8
 Shatter                  Erth           0%           100%        9
 Tornado                  Air            0%           100%        9


Dungeon Overview and Level Annotations

Branches:
Dungeon (15/15)            Temple (1/1) D:5            Lair (6/6) D:9
  Swamp (4/4) Lair:3        Snake (4/4) Lair:2        Slime (0/5) Lair:5
    Orc (2/2) D:9             Elf (3/3) Orc:2        Vaults (5/5) D:13
  Crypt (0/3) Vaults:2     Depths (5/5) D:15            Zot (0/5) Depths:5
  Sewer (visited)         Ossuary (visited)          Bailey (visited)
 WizLab (visited)

Altars:
Ashenzari
Cheibriados
Dithmenos
Elyvilon
Fedhas
Gozag
Hepliaklqana
Kikubaaqudgha
Makhleb
Nemelex Xobeh
Okawaru
Qazlal
Ru
Sif Muna
Trog
Uskayaw
Vehumet
Wu Jian
Xom
Yredelemnul
Zin
The Shining One
Beogh
Jiyva
Lugonu

Shops:
D:5 [   D:9 [   D:15 :   Orc:2 ?*([*   Elf:1 *   Elf:3 =(   Snake:1 *
Snake:2 (   Vaults:1 [   Vaults:2 [   Depths:2 :

Portals:
Hell: Lair:6 Depths:1 Depths:2 Depths:3 Depths:4 Depths:5
Abyss: Depths:1 Depths:4
Pandemonium: Depths:3 Depths:4
Ziggurat: Depths:5

Annotations:
Lair:1 exclusion: oklob plant


Innate Abilities, Weirdness & Mutations

You cannot be hasted, slowed, berserked, paralysed or teleported.
You can dig through walls and to a lower floor.
Your four strong arms can wield two-handed weapons with a shield.
You have a pair of large antennae on your head. (SInv)
You have sharp toenails.
You are mostly covered in large bone plates. (SH +6)
You are clumsy. (Dex -2)


Message History

Qazlal accepts your kill.
The blast of rubble hits the ironheart preserver!!!
The ironheart preserver is moderately wounded.
The blast of rubble hits the sphinx!!
The sphinx is almost dead.
You can no longer call upon nature's wrath in a wide area around you.
The storm dragon roars deafeningly!
The yaktaur shouts!
You kill the stone giant!
Qazlal accepts your kill.
The sphinx changes into a quicksilver dragon!
The vault warden activates a sealing rune.
You block the shadow dragon's attack. x3
The vault warden is engulfed in poison gas.
The vault warden looks as sick as possible!
The vault warden hits you with a +0 great sword!
* * * LOW HITPOINT WARNING * * *
The vault warden is engulfed in poison gas.
The vault warden looks as sick as possible!
The vault warden hits you with a +1 war axe of electrocution!!
You die... #....# #. { #.≈°.# ... # #..°.# ....
D#p

#§§§§##....
#..§#§§§§#.§.§.
#COD§☼[§§§§§§§
###§§§pp9.§####
c≈≈§§DD@§§§....
..≈.§§XpH○§§§.^
≈..§§§pQ)§§§...
.≈.☼☼○§*§§§§...
###§§§..§§§####
#..)≈..§§§.
#...#..).#...
...##....#....


You could see a shadow dragon, a tentacled monstrosity, an ironheart preserver,
a titan, 2 storm dragons, a quicksilver dragon shaped shifter, a sphinx
(extremely poisoned), 3 vault wardens, a tengu reaver (extremely poisoned), a
vault guard (extremely poisoned), a two-headed ogre, a war gargoyle, a yaktaur
(wandering) and a battlesphere.

Vanquished Creatures
  Mara (Snake:3)
  A juggernaut (Depths:5)
  Margery (Vaults:2)
  The ghost of AgonHex the Hoplite, a veteran HOFi of Qazlal (Vaults:2)
  The ghost of Diggabert the Shatterer, a veteran FoAK of Lugonu (Vaults:4)
  Frederick (Depths:2)
  Vashnia (Snake:3)
  Saint Roka (Vaults:1)
  A golden dragon (Depths:3)
  Nikola (Swamp:3)
  the Enchantress (Depths:4)
  2 tentacled monstrosities
  Jorgrun (D:13)
  3 deep elf blademasters
  2 deep elf master archers (Elf:3)
  7 sphinxes
  Frances (Swamp:2)
  A shadow dragon (Depths:5)
  Donald (Orc:2)
  7 nagarajas
  2 storm dragons
  3 tengu reavers
  9 fire giants
  3 daevas (Depths:5)
  4 fenstrider witches
  8 frost giants
  6 vault wardens
  4 orc warlords
  Aizul (Snake:2)
  A draconian stormcaller (Depths:5)
  4 spriggan defenders (Depths:4)
  8 deep elf elementalists
  3 angels
  A draconian annihilator (Depths:5)
  An emperor scorpion (Depths:4)
  6 caustic shrike skeletons (Depths:4)
  6 ironheart preservers
  9 very ugly things
  11 stone giants
  A vampire knight (Depths:5)
  5 deep elf demonologists
  2 yellow draconians (Depths:5)
  A green draconian (Depths:5)
  2 bunyips
  10 deep elf annihilators
  2 purple draconians (Depths:5)
  A dire elephant (Depths:4)
  An orange crystal statue (WizLab)
  Azrael (Snake:2)
  A red draconian (Depths:5)
  4 spark wasps (Depths:5)
  A white draconian (Depths:5)
  A green death (Swamp:4)
  A crystal guardian (Vaults:3)
  6 eleionomae
  6 statues (Depths:2)
  2 deep elf death magi (Elf:3)
  9 ettins
  A merfolk impaler (D:15)
  The ghost of hawla the Thaumaturge, a journeyman DECj of Vehumet (D:15)
  A shambling mangrove (Swamp:2)
  A great orb of eyes (shapeshifter) (Elf:1)
  A merfolk javelineer (D:15)
  3 jiangshi (Depths:3)
  8 ogre magi
  4 deep elf high priests
  5 great orbs of eyes
  13 hydras
  7 fire dragons
  21 naga warriors
  Harold (D:10)
  8 ice dragons
  12 yaktaur captains
  2 ghost crabs
  39 vault guards
  8 spriggan air magi
  A hell beast (Depths:1)
  12 boulder beetles
  6 rakshasas
  Erolcha (Orc:2)
  Fannar (Lair:2)
  11 centaur warriors
  5 catoblepae
  16 anacondas
  20 two-headed ogres
  10 tengu warriors
  8 alligators
  2 deep troll shamans
  6 orc high priests
  4 deep troll earth magi
  A soul eater (Swamp:4)
  24 dancing weapons
  12 shock serpents
  3 vampire magi
  7 spriggan berserkers
  15 naga sharpshooters
  17 deep elf knights
  A sun demon (Lair:6)
  7 hell knights
  Sonja (Lair:2)
  4 iron trolls
  2 salamander mystics
  3 skeletal warriors (D:14)
  A fire crab (shapeshifter) (Vaults:2)
  7 goliath frogs
  7 sea snakes (Snake:4)
  A shadow wraith (Vaults:5)
  16 spriggan druids
  3 unseen horrors
  4 glowing orange brains
  The ghost of chaostorm the Covert, a novice SpEn of Okawaru (D:11)
  7 naga ritualists
  2 bog bodies (Swamp:1)
  A lindwurm (shapeshifter) (Vaults:2)
  5 deep trolls
  6 wizards
  A flayed ghost (Depths:5)
  4 swamp dragons
  A phantasmal warrior (Vaults:3)
  4 harpies (Vaults:1)
  12 deep elf archers
  34 deep elf magi
  11 ironbrand convokers
  5 necromancers
  23 orc knights
  5 mana vipers
  A wolf spider (shapeshifter) (Vaults:1)
  4 cyclopes
  7 will-o-the-wisps
  An orb spider (shapeshifter) (Depths:3)
  6 wolf spiders
  18 orc sorcerers
  42 ugly things
  4 manticores
  10 salamanders
  A stone giant zombie (Vaults:4)
  17 elephants
  A rust devil (Depths:1)
  11 guardian serpents
  14 naga magi
  41 black mambas
  Maurice (D:11)
  5 centaur zombies
  3 guardian serpents (shapeshifter)
  12 vault sentinels
  2 orange demons
  An eye of devastation (Vaults:2)
  A torpor snail (Lair:4)
  16 cane toads
  A gargoyle (D:13)
  6 komodo dragons
  The ghost of Gaza the Slinger, a novice HaHu of the Shining One (D:5)
  4 rime drakes (Lair:6)
  4 freezing wraiths
  4 kobold demonologists
  A rime drake (shapeshifter) (Vaults:4)
  50 yaktaurs
  An ice devil (Depths:1)
  2 hellwings
  4 tengu conjurers
  A polar bear (Lair:6)
  5 red devils
  A meliai (shapeshifter) (Vaults:1)
  9 tyrant leeches
  9 trolls
  23 hornets
  A raiju (shapeshifter) (Vaults:1)
  Grinder (D:6)
  A meliai zombie (D:14)
  15 blink frogs
  29 slime creatures
  10 dream sheep (Lair:6)
  4 flying skulls (Depths:1)
  A wyvern (D:13)
  5 water elementals
  2 air elementals
  4 wraiths
  A redback (shapeshifter) (Vaults:5)
  3 shadows
  6 vampires
  45 spriggans
  2 basilisks
  4 fire bats (D:9)
  A steam dragon (shapeshifter) (Vaults:2)
  62 yaks
  4 fire elementals
  A human (D:13)
  A basilisk (shapeshifter) (Vaults:1)
  6 chaos spawn (Swamp:4)
  3 neqoxecs (Swamp:4)
  9 vampire mosquitoes
  6 acid dragons
  58 nagas
  A redback simulacrum (D:15)
  5 wargs
  Grum (D:8)
  The ghost of Eryximachus the Magician, an amateur OpWz of Gozag (D:5)
  2 soldier ants
  15 swamp worms
  20 water moccasins
  8 hell hounds
  A floating eye (Depths:3)
  60 orc warriors
  9 ice beasts
  Purgy (Sewer)
  A swamp drake (Swamp:1)
  3 black bears
  2 sky beasts
  An eye of draining (Vaults:2)
  2 necrophages
  3 phantoms
  9 boggarts
  3 human skeletons (Vaults:4)
  15 ogres
  11 wolves
  13 centaurs
  9 big kobolds
  19 bullfrogs
  6 earth elementals
  A wyvern skeleton (D:12)
  A water moccasin skeleton (D:10)
  5 scorpions
  An elf simulacrum (Vaults:3)
  9 killer bees
  A human simulacrum (Vaults:4)
  4 howler monkeys
  4 electric eels
  7 wights
  13 jellies
  2 lava snakes (D:9)
  A crimson imp (Depths:5)
  3 quasits
  A bullfrog zombie (D:5)
  7 hounds
  2 bullfrog skeletons
  6 centaur skeletons
  19 orc priests
  33 orc wizards
  14 hell rats
  5 iguanas
  9 worker ants
  A killer bee zombie (D:7)
  A mummy (Ossuary)
  A howler monkey zombie (D:10)
  A worker ant zombie (D:11)
  7 gnolls
  14 adders
  3 shadow imps
  5 white imps
  5 ufetubi
  3 oozes
  An adder zombie (D:7)
  2 worms
  14 dart slugs
  5 leopard geckos
  105 orcs
  4 ball pythons
  6 bats
  5 giant cockroaches
  15 goblins
  11 hobgoblins
  11 jackals
  2 quokkas
  5 frilled lizards
  4 gnoll skeletons (Ossuary)
  A jackal skeleton (D:5)
  45 kobolds
  6 kobold skeletons (Ossuary)
  A leopard gecko zombie (D:6)
  14 orc skeletons (Ossuary)
  A quokka zombie (D:8)
  11 rats
  3 fire vortices (Depths:2)
1992 creatures vanquished.

Vanquished Creatures (collateral kills)
  A deep elf sorcerer (Elf:3)
  A vault warden (Vaults:4)
  A spriggan defender (Depths:4)
  A statue (Depths:2)
  A blizzard demon (Swamp:4)
  A yaktaur captain (Vaults:4)
  A deep elf mage (Swamp:4)
  A vault sentinel (Vaults:4)
  A yaktaur (Vaults:2)
9 creatures vanquished.

Vanquished Creatures (others)
  A vault warden (Vaults:5)
  A deep elf annihilator (Depths:2)
  A spriggan air mage (Depths:4)
  An anaconda (Snake:3)
  A naga sharpshooter (Snake:1)
  A deep elf knight (Elf:3)
  2 spriggan druids
  An ironbrand convoker (Vaults:4)
  4 deep elf magi (Depths:2)
  2 bloated husks
  A hornet (Depths:4)
  2 spriggans (Depths:4)
  A water elemental (Elf:1)
  A naga (Snake:4)
  A swamp worm (Swamp:4)
  4 boggarts
  A white imp (D:7)
  An orc (Elf:1)
  10 bushes (Depths:1)
  4 fire vortices
  48 foxfires
  24 fungi
  21 plants
  7 toadstools (D:6)
141 creatures vanquished.

Grand Total: 2142 creatures vanquished

Notes
Turn   | Place    | Note
-------+----------+-------------------------------------------
     0 | D:1      | ZappyNine the Formicid Fighter began the quest for the Orb.
     0 | D:1      | Reached XP level 1. HP: 18/18 MP: 1/1
   145 | D:1      | Reached XP level 2. HP: 24/24 MP: 2/2
   389 | D:1      | Reached XP level 3. HP: 18/30 MP: 3/3
   549 | D:1      | Reached skill level 4 in Fighting
  1212 | D:2      | Reached XP level 4. HP: 37/37 MP: 4/4
  2026 | D:2      | Reached XP level 5. HP: 43/43 MP: 5/5
  2431 | D:3      | Found a burning altar of Makhleb.
  2698 | D:3      | Reached XP level 6. HP: 48/49 MP: 6/6
  3057 | D:4      | Reached skill level 5 in Shields
  3412 | D:4      | Reached skill level 5 in Armour
  3412 | D:4      | Reached XP level 7. HP: 55/55 MP: 7/7
  3966 | D:5      | Entered Level 5 of the Dungeon
  3985 | D:5      | Found Loas's Armour Boutique.
  4353 | D:5      | Reached XP level 8. HP: 61/61 MP: 8/8
  4476 | D:5      | Found a staircase to the Ecumenical Temple.
  4748 | Temple   | Entered the Ecumenical Temple
  4917 | Temple   | Became a worshipper of Qazlal Stormbringer
  5064 | D:5      | Found a runed translucent gate.
  5065 | D:5      | Found a runed translucent gate.
  5067 | D:5      | Found a runed translucent gate.
  5071 | D:5      | Noticed Gaza's ghost (novice HaHu)
  5071 | D:5      | Noticed Eryximachus's ghost (amateur OpWz)
  5093 | D:5      | Killed Gaza's ghost
  5105 | D:5      | Killed Eryximachus's ghost
  5292 | D:6      | Reached skill level 5 in Fighting
  5316 | D:6      | Reached XP level 9. HP: 26/68 MP: 9/9
  5414 | D:6      | Found a glowing drain.
  5418 | Sewer    | Entered a sewer
  5443 | Sewer    | Noticed Purgy
  5449 | Sewer    | Killed Purgy
  5668 | D:6      | Reached * piety under Qazlal
  5681 | D:6      | Reached skill level 5 in Maces & Flails
  5841 | D:6      | Found a sand-covered staircase.
  5869 | Ossuary  | Entered an ossuary
  6040 | Ossuary  | Reached ** piety under Qazlal
  6141 | D:5      | Bought the +3 chain mail of Norus {Rampage Regen+} for 291
                  | gold pieces
  6253 | D:6      | Noticed Grinder
  6270 | D:6      | Killed Grinder
  6271 | D:6      | Reached skill level 6 in Fighting
  6284 | D:6      | Got an ancient hunting sling
  6292 | D:6      | Identified the +4 hunting sling "Cuolah" {freeze, Str+3}
                  | (You found it on level 6 of the Dungeon)
  6324 | D:6      | Got a pair of slimy gloves
  6368 | D:6      | Identified the +2 pair of gloves "Mexase" {rN++ Dex-4} (You
                  | found it on level 6 of the Dungeon)
  6402 | D:6      | Noticed a slime creature
  6403 | D:6      | Noticed a slime creature
  6403 | D:6      | Noticed a slime creature
  6466 | D:6      | Killed a slime creature
  6467 | D:6      | Reached XP level 10. HP: 54/77 MP: 10/10
  6865 | D:7      | Reached skill level 7 in Fighting
  6910 | D:7      | Reached skill level 10 in Shields
  7131 | D:7      | Reached *** piety under Qazlal
  7154 | D:7      | Found a sacrificial altar of Ru.
  7996 | D:8      | Found a roughly hewn altar of Beogh.
  8244 | D:8      | Found a shimmering altar of Xom.
  8546 | D:8      | Noticed Grum
  8551 | D:8      | Reached XP level 11. HP: 85/85 MP: 11/11
  8558 | D:8      | Killed Grum
  8563 | D:8      | Reached **** piety under Qazlal
  8706 | D:9      | Reached skill level 1 in Invocations
  8718 | D:9      | Reached skill level 1 in Evocations
  8801 | D:9      | Found Fajih's Antique Armour Emporium.
  8889 | D:9      | Reached skill level 5 in Invocations
  8893 | D:9      | Found a staircase to the Lair.
  9232 | D:9      | Found a staircase to the Orcish Mines.
  9656 | D:9      | Got a smoking scimitar
  9658 | D:9      | Identified the cursed +0 scimitar of the Head {elec, Str+2}
                  | (You found it on level 9 of the Dungeon)
  9685 | D:10     | Entered Level 10 of the Dungeon
  9694 | D:10     | Reached ***** piety under Qazlal
  9930 | D:10     | Reached skill level 5 in Evocations
 10387 | D:11     | Noticed Harold
 10397 | D:11     | Noticed a manticore
 10402 | D:11     | Noticed a white ugly thing
 10411 | D:11     | Killed a white ugly thing
 10422 | D:10     | Reached XP level 12. HP: 76/92 MP: 18/18
 10426 | D:10     | Killed Harold
 10427 | D:10     | Reached skill level 10 in Maces & Flails
 10648 | D:11     | Found a transporter.
 10651 | D:11     | Noticed a boulder beetle
 10655 | D:11     | Noticed a yaktaur captain
 10655 | D:11     | Noticed chaostorm's ghost (novice SpEn)
 10658 | D:11     | Noticed Maurice
 10672 | D:11     | Killed Maurice
 10707 | D:11     | Found a transporter.
 10714 | D:11     | Noticed an unseen horror
 11097 | Lair:1   | Entered Level 1 of the Lair of Beasts
 11632 | Lair:1   | Found a frozen archway.
 11886 | Lair:2   | Noticed Sonja
 11906 | Lair:2   | Killed Sonja
 11928 | Lair:2   | Reached XP level 13. HP: 96/98 MP: 19/19
 12031 | Lair:2   | Noticed a catoblepas
 12042 | Lair:2   | Killed a catoblepas
 12089 | Lair:2   | Found a staircase to the Snake Pit.
 12123 | Lair:2   | Reached skill level 8 in Fighting
 12203 | Lair:2   | Noticed Fannar
 12208 | Lair:2   | Killed Fannar
 12326 | Lair:2   | Found an opulent altar of Gozag.
 12480 | Lair:2   | Reached skill level 10 in Armour
 12897 | Lair:3   | Found a staircase to the Swamp.
 13588 | Lair:4   | Reached ****** piety under Qazlal
 14128 | Lair:5   | Noticed a six-headed hydra
 14142 | Lair:5   | Killed a six-headed hydra
 14143 | Lair:5   | Reached skill level 9 in Fighting
 14263 | Lair:5   | Reached XP level 14. HP: 93/108 MP: 20/20
 14426 | Lair:5   | Found a staircase to the Slime Pits.
 14427 | Lair:5   | Found a viscous altar of Jiyva.
 14975 | Lair:6   | Entered Level 6 of the Lair of Beasts
 15085 | Lair:5   | Reached skill level 10 in Fighting
 15116 | Lair:6   | Reached skill level 15 in Maces & Flails
 15274 | Lair:6   | Gained mutation: You are partially covered in large bone
                  | plates. (SH +4) [potion of mutation]
 15274 | Lair:6   | Gained mutation: You are mostly covered in large bone
                  | plates. (SH +6) [potion of mutation]
 15274 | Lair:6   | Gained mutation: You have sharp toenails. [potion of
                  | mutation]
 15537 | Lair:6   | Found a burning altar of Makhleb.
 15566 | Lair:6   | Reached XP level 15. HP: 75/117 MP: 21/21
 15588 | Lair:6   | Found a gateway to Hell.
 15596 | Lair:6   | Got an ancient bone ring
 16171 | Lair:6   | Identified the ring "Jomon" {rC+ Str+4} (You found it on
                  | level 6 of the Lair of Beasts)
 16329 | Orc:1    | Entered Level 1 of the Orcish Mines
 16386 | Orc:1    | Reached skill level 11 in Fighting
 16725 | Orc:2    | Entered Level 2 of the Orcish Mines
 16725 | Orc:2    | Found a staircase to the Elven Halls.
 16897 | Orc:2    | Noticed Erolcha
 16907 | Orc:2    | Killed Erolcha
 17038 | Orc:2    | Found Lanun's Assorted Antiques.
 17094 | Orc:2    | Found Yqiohit's Antique Armour Boutique.
 17094 | Orc:2    | Found Koxisk's Weapon Boutique.
 17105 | Orc:2    | Found Ziofaoru's Assorted Antiques.
 17105 | Orc:2    | Found Dumyidwa's Magic Scroll Emporium.
 17123 | Orc:2    | Bought a scroll labelled ZUNUMN KINUSCH for 26 gold pieces
 17158 | Orc:2    | Bought a pitted silver ring for 160 gold pieces
 17158 | Orc:2    | Identified the ring of the Gastropod {rC+ MP+9 EV+4 Str-4}
                  | (You bought it in a shop on level 2 of the Orcish Mines)
 17262 | Orc:2    | Noticed Donald
 17283 | Orc:2    | Killed Donald
 17910 | D:12     | Reached skill level 12 in Fighting
 18427 | D:13     | Reached skill level 1 in Dodging
 18552 | D:13     | Noticed Jorgrun
 18562 | D:13     | Killed Jorgrun
 18625 | D:13     | Reached XP level 16. HP: 127/127 MP: 22/22
 18700 | D:13     | Reached skill level 5 in Dodging
 19103 | D:13     | Found a gate to the Vaults.
 19673 | D:14     | Found a flagged portal.
 19727 | Bailey   | Entered a bailey
 19789 | Bailey   | Found a runed translucent gate.
 19803 | Bailey   | Found a runed translucent gate.
 19811 | Bailey   | Found a runed translucent gate.
 19929 | D:14     | Reached skill level 15 in Shields
 19929 | D:14     | Reached XP level 17. HP: 133/133 MP: 23/23
 19930 | D:14     | Reached XP level 18. HP: 140/140 MP: 24/24
 20627 | D:14     | Identified the Volume of Freezing Calling
 20701 | D:15     | Entered Level 15 of the Dungeon
 21200 | D:15     | Found Tyzefeag's Book Emporium.
 21470 | D:15     | Found a staircase to the Depths.
 21512 | D:15     | Reached XP level 19. HP: 146/146 MP: 25/25
 21544 | D:15     | Found a runed translucent gate.
 21545 | D:15     | Found a runed translucent gate.
 21545 | D:15     | Identified the +4 robe "Fogi" {rElec rPois Str+2}
 21546 | D:15     | Found a runed translucent gate.
 21546 | D:15     | Noticed hawla's ghost (journeyman DECj)
 21547 | D:15     | Found an iron altar of Okawaru.
 21690 | D:15     | Killed hawla's ghost
 22011 | Swamp:1  | Entered Level 1 of the Swamp
 23020 | Swamp:2  | Noticed Frances
 23038 | Swamp:2  | Killed Frances
 23051 | Swamp:2  | Reached skill level 10 in Invocations
 23594 | Swamp:3  | Noticed Nikola
 23754 | Swamp:2  | Reached skill level 13 in Fighting
 23786 | Swamp:3  | Killed Nikola
 23906 | Swamp:3  | Got a heavily runed buckler
 23907 | Swamp:3  | Identified the +2 buckler "Rydwov" {rPois Will+ Str-4} (You
                  | found it on level 3 of the Swamp)
 24088 | Swamp:3  | Identified the +0 robe "Karic" {Rampage rF+ rCorr Dex-4}
                  | (You found it on level 3 of the Swamp)
 24428 | Swamp:4  | Entered Level 4 of the Swamp
 24744 | Swamp:4  | Gained mutation: You are clumsy. (Dex -2) [a neqoxec]
 24786 | Swamp:4  | Reached XP level 20. HP: 157/157 MP: 28/28
 24964 | Swamp:4  | Got a decaying rune of Zot
 25709 | Depths:1 | Entered Level 1 of the Depths
 25718 | Depths:1 | Found a corrupted altar of Lugonu.
 25718 | Depths:1 | Found a one-way gate to the infinite horrors of the Abyss.
 26571 | Depths:1 | Reached skill level 14 in Fighting
 27115 | Depths:2 | You fall into a shaft and drop 2 floors!
 27254 | Depths:4 | Reached skill level 15 in Armour
 27412 | Depths:3 | Noticed a tentacled monstrosity
 27412 | Depths:3 | Noticed a golden dragon
 27438 | Depths:3 | Killed a tentacled monstrosity
 27469 | Depths:3 | Killed a golden dragon
 27478 | Depths:3 | Reached XP level 21. HP: 147/166 MP: 30/30
 27665 | Depths:3 | Found a one-way gate leading to the halls of Pandemonium.
 28404 | Depths:4 | Identified the +4 rapier "Uqupp" {flame, rF+ rC+ Int-3 SInv
                  | Stlth+}
 28461 | Depths:4 | Noticed the Enchantress
 28473 | Depths:4 | Killed the Enchantress
 28896 | Depths:4 | Identified the cursed +0 short sword of Context {venom,
                  | Int+6}
 28904 | Depths:4 | Reached skill level 10 in Evocations
 29526 | Depths:4 | Found a bloodstained altar of Trog.
 29950 | Depths:4 | Got a warped ruby amulet
 29953 | Depths:4 | Identified the amulet "Matikuph" {Faith +Fly Str-5 Int+6
                  | Stlth-} (You found it on level 4 of the Depths)
 30277 | Depths:5 | Entered Level 5 of the Depths
 30277 | Depths:5 | Noticed a juggernaut
 30297 | Depths:5 | Killed a juggernaut
 30298 | Depths:5 | Reached XP level 22. HP: 94/174 MP: 31/31
 30378 | Depths:5 | Noticed a golden dragon
 31090 | Snake:1  | Entered Level 1 of the Snake Pit
 31137 | Snake:1  | Reached skill level 15 in Fighting
 31322 | Snake:1  | Found Muevefuj's General Store.
 31783 | D:11     | Killed chaostorm's ghost
 31801 | D:11     | Got a translucent mace
 31815 | D:11     | Identified the +11 mace "Dyeneiw" {vorpal, Int+5} (You
                  | found it on level 11 of the Dungeon)
 32128 | Snake:2  | Noticed Azrael
 32143 | Snake:2  | Killed Azrael
 32374 | Snake:2  | Noticed Aizul
 32389 | Snake:2  | Killed Aizul
 32645 | Snake:2  | Found Qedauwk's Weapon Shoppe.
 33222 | Snake:3  | Noticed Vashnia
 33259 | Snake:3  | Killed Vashnia
 33260 | Snake:3  | Reached XP level 23. HP: 169/182 MP: 32/32
 33447 | Snake:3  | Noticed Mara
 33480 | Snake:3  | Killed Mara
 33955 | Snake:4  | Entered Level 4 of the Snake Pit
 34176 | Snake:4  | Reached skill level 16 in Fighting
 34901 | Snake:4  | Got a serpentine rune of Zot
 35621 | Elf:1    | Entered Level 1 of the Elven Halls
 35828 | Elf:1    | Reached skill level 15 in Invocations
 36149 | Elf:1    | Found Quto's General Store.
 36159 | Elf:1    | Bought a potion of curing for 39 gold pieces
 36159 | Elf:1    | Bought a potion of curing for 39 gold pieces
 36498 | Elf:2    | Reached XP level 24. HP: 191/191 MP: 34/34
 36637 | Elf:2    | Found a ruined gateway.
 36671 | Elf:2    | Found a glowing golden altar of the Shining One.
 36671 | Elf:2    | Found a glowing silver altar of Zin.
 36671 | Elf:2    | Found a white marble altar of Elyvilon.
 36697 | Elf:2    | Found a runed translucent gate.
 36697 | Elf:2    | Found a runed translucent gate.
 36698 | Elf:2    | Found a runed translucent gate.
 36962 | Elf:3    | Entered Level 3 of the Elven Halls
 37442 | Elf:3    | Identified the +11 spear of Qada {vorpal, Int+4}
 37627 | Elf:3    | Found the +2 ratskin cloak {*Rats rPois rN+ Str-1 Int-1
                  | Dex+1}
 37773 | Elf:3    | Got a fading plate armour
 37774 | Elf:3    | Identified a scroll of acquirement
 37775 | Elf:3    | Identified the cursed +1 plate armour of Refuge {Harm
                  | Will+} (You found it on level 3 of the Elven Halls)
 37777 | Elf:3    | Acquired 556 gold pieces
 37819 | Elf:3    | Identified Sif Muna's Papyrus of the Creative Compass
 37940 | Elf:3    | Found Fizic's Antique Weapon Boutique.
 38067 | Elf:3    | Found Miow's Jewellery Emporium.
 39221 | Depths:2 | Found Lorigop's Book Emporium.
 39463 | Depths:2 | Noticed Frederick
 39498 | Depths:2 | Killed Frederick
 39511 | Depths:2 | Found a radiant altar of Vehumet.
 39515 | Depths:2 | Identified the cursed +1 bardiche "Garabafa" {vorpal, +Inv
                  | rC+}
 39586 | Depths:2 | Identified the cursed +1 executioner's axe "Cokke" {venom,
                  | rC+ Str+4} (You found it on level 2 of the Depths)
 39718 | Depths:2 | Identified the Compendium of the Frostbite and the
                  | Entourage
 39856 | Depths:2 | Identified the cursed +0 leather armour "Layt" {rF++ Will+
                  | MP+9 Str+2} (You found it on level 2 of the Depths)
 40055 | Depths:2 | Reached XP level 25. HP: 197/197 MP: 36/36
 40096 | Depths:2 | Learned a level 8 spell: Discord
 40771 | Depths:5 | Found a gateway to a ziggurat.
 40789 | Depths:5 | Reached skill level 10 in Dodging
 41213 | Depths:5 | Found a gate to the Realm of Zot.
 42573 | Vaults:1 | Entered Level 1 of the Vaults
 42876 | Vaults:1 | Noticed Saint Roka
 42893 | Vaults:1 | Killed Saint Roka
 42950 | Vaults:1 | Found Lobodwergh's Antique Armour Shoppe.
 42969 | Vaults:1 | Bought a pair of glowing gloves for 172 gold pieces
 43317 | Vaults:1 | Reached skill level 1 in Long Blades
 43455 | Vaults:1 | Identified the Handbook of Changing
 43808 | Vaults:2 | Noticed AgonHex's ghost (veteran HOFi)
 43812 | Vaults:2 | Found a runed translucent gate.
 43812 | Vaults:2 | Found a runed translucent gate.
 43812 | Vaults:2 | Found a runed translucent gate.
 43897 | Vaults:2 | Found Firue's Antique Armour Boutique.
 43905 | Vaults:2 | Bought a crude chain mail for 304 gold pieces
 43905 | Vaults:2 | Identified the cursed +1 chain mail of Happy Babbling {rC-
                  | Int+3 Dex+5} (You bought it in a shop on level 2 of the
                  | Vaults)
 43907 | Vaults:2 | Bought a pair of runed boots for 240 gold pieces
 43983 | Vaults:2 | Found a staircase to the Crypt.
 44293 | Vaults:2 | Noticed Margery
 44313 | Vaults:2 | Killed Margery
 44461 | Vaults:2 | Killed AgonHex's ghost
 44472 | Vaults:2 | Got a pair of jewelled boots
 44473 | Vaults:2 | Identified the +0 pair of boots "Ostiys" {rC+} (You found
                  | it on level 2 of the Vaults)
 44904 | Vaults:2 | Reached XP level 26. HP: 207/207 MP: 36/36
 45115 | Vaults:2 | Reached skill level 17 in Fighting
 45379 | Vaults:2 | Identified the Disquisition on Malediction and the Glacier
 45449 | Vaults:2 | Identified the +2 fire dragon scales "Intau" {rElec rPois
                  | rF++ rC- Str+3 Int-2} (You found it on level 2 of the
                  | Vaults)
 45729 | Vaults:3 | Found a magical portal.
 45806 | WizLab   | Entered Wucad Mu's Monastery
 45915 | WizLab   | Found the +9 staff of Wucad Mu {*channel}
 46099 | Vaults:3 | Reached skill level 18 in Fighting
 46099 | Vaults:3 | Reached XP level 27. HP: 219/219 MP: 36/36
 46252 | Vaults:3 | Reached skill level 19 in Fighting
 46359 | Vaults:3 | Identified the +8 short sword of Checkmate {flame, SInv}
                  | (You found it on level 3 of the Vaults)
 46895 | Vaults:3 | Identified the +1 arbalest of Causality {vorpal, +Inv rF-
                  | Dex+5} (You found it on level 3 of the Vaults)
 47265 | Vaults:4 | Reached skill level 20 in Fighting
 47947 | Vaults:4 | Found Jyuqeysio's Antique Weapon Shoppe.
 48045 | Vaults:4 | Found a runed translucent gate.
 48046 | Vaults:4 | Found a runed translucent gate.
 48046 | Vaults:4 | Noticed Diggabert's ghost (veteran FoAK)
 48047 | Vaults:4 | Found a runed translucent gate.
 48228 | Vaults:4 | Found a roughly hewn altar of Beogh.
 48628 | Vaults:4 | Found a roughly hewn altar of Beogh.
 48716 | Vaults:4 | Killed Diggabert's ghost
 48717 | Vaults:4 | Reached skill level 21 in Fighting
 49110 | Vaults:5 | Entered Level 5 of the Vaults
 49164 | Vaults:5 | Slain by a vault warden

Illustrated notes

Levels and vault maps discovered:
D:1:      amcnicky_arrival_flooded_fountain, layout_basic, minmay_tiny_reverse_x
D:2:      layout_basic
D:3:      layout_loops_corners, makhleb_blood_cavern_becter
D:4:      layout_basic
D:5:      layout_basic, minmay_temple_entry_trees, gammafunk_ghost_cemetery,
          serial_shops, shop
D:6:      cheibrodos_fertilizer, layout_cave_pools, gup_sewer_entry_bowl,
          enter_ossuary_1, uniq_grinder
D:7:      kennysheep_slugbush, layout_loops_corners,
          nicolae_ru_sacrificial_ziggurat, serial_park_tiny_2
D:8:      layout_loops_ring, special_room [special_room_orc], basic_altar,
          minmay_tree_intersection, uniq_grum
D:9:      layout_roguey, erik_lair_island, david_orc_4, serial_shops,
          nicolae_shop_statue_plus, hangedman_incinerator
D:10:     layout_small_grid
D:11:     layout_cross, gammafunk_ghost_arena, uniq_maurice, uniq_harold
D:12:     layout_stronghold
D:13:     layout_loops_ring, grunt_vaults_entry_fortified, uniq_jorgrun
D:14:     layout_loops_ring, enter_bailey_3, chequers_jeans, minmay_librarian
D:15:     grunt_enter_depths_magical_seal, layout_loops_ring, serial_shops,
          nicolae_shop_trees, gammafunk_ghost_fury_of_okawaru, eino_curves_01
Temple:   kilobyte_greek_temple
Lair:1:   layout_regular_city, portal_ice_cave_entry_pillars_2,
          minmay_lair_oklob_bushes, minivault_25, infiniplex_staircase_pool_2
Lair:2:   layout_cave_pods, guppyfry_snake_entry_island, basic_altar,
          st_stairs_9, infiniplex_staircase_pool, uniq_fannar, uniq_sonja
Lair:3:   layout_chaotic_city, minmay_swamp_entry_worms, beast_lair_carwin_5,
          serial_bayou_shore_b
Lair:4:   layout_hall_layers, grunt_megastairs_1, lemuel_fruit_tree
Lair:5:   layout_cave_pods, slime_altar_1, chequers_serial_rivers_small_b
Lair:6:   evil_forest, layout_regular_city, chequers_serial_rivers_large_a,
          chequers_serial_rivers_micro_a
Swamp:1:  layout_falls_marsh, serial_swamp_ruin, evilmike_swamp_ruin_house_6,
          evilmike_swamp_ruin_house_1, evilmike_swamp_ruin_rubble_1
Swamp:2:  layout_basic_swamp, nicolae_swamp_triple_paths, swamp_pool2,
          uniq_frances
Swamp:3:  layout_basic_swamp, hangedman_swamp_pad, swamp_pool1, uniq_nikola
Swamp:4:  nzn_swamp_witches_coven, layout_basic_swamp
Snake:1:  layout_onion_interference, serial_bayou_shore_b, minmay_shop_star
Snake:2:  layout_onion, serial_shops, shop, uniq_aizul, uniq_azrael
Snake:3:  hangedman_cross_stitches, layout_onion, grunt_ministairs_13,
          uniq_vashnia, uniq_mara
Snake:4:  grunt_snake_rune_pools, layout_cave_shapes, grunt_megastairs_2,
          serial_bayou_shore_b
Orc:1:    layout_caves
Orc:2:    st_orc_elflike, layout_caves, serial_shops, shop_statue, uniq_donald,
          uniq_erolcha
Elf:1:    layout_loops_ring, serial_shops, shop, minivault_28
Elf:2:    layout_rooms, portal_desolation_entry_holy_temple
Elf:3:    elf_hall_gauntlet_narrow, layout_geoelf_diagonals, serial_shops, shop,
          shop, statue_in_the_mist_lemuel
Vaults:1: nicolae_vaults_meeting, vaults_room_grunt_arrival_ludios,
          ontoclasm_vaults_idyll, hangedman_vaults_trim,
          ontoclasm_vaults_shuriken, nicolae_vaults_angled_halls,
          ontoclasm_vaults_hangar, v_pattern_5, v_rooms_2, v_misc_25,
          layout_vaults_omnibox, serial_shops, nicolae_shop_statue_plus,
          uniq_saint_roka
Vaults:2: gammafunk_vaults_ghost_split, ontoclasm_vaults_pinch,
          minmay_crypt_entry_vampire_xt, ontoclasm_vaults_decontamination,
          st_greater_box_5, vaults_dpeg_encased_lava, v_misc_5,
          ontoclasm_vaults_fault, grunt_vaults_trifunnel,
          nicolae_vaults_little_squares_6, vaults_mumra_hexcomb,
          vaults_room_pool, layout_vaults_omnicross, serial_shops, shop,
          uniq_margery
Vaults:3: v_rooms_4, nicolae_vaults_rhombus_6, nicolae_vaults_yaktaur_gun_rack,
          nicolae_vaults_mini_display_case, vaults_room_hallway,
          layout_vaults_omnigrid, infiniplex_enter_wizlab_water
Vaults:4: biasface_vaults_ghost_orc_armoury, hangedman_vaults_restitches,
          hangedman_vaults_hat, special_room_vaults [special_room_orc],
          v_misc_9, ontoclasm_vaults_gateway, ontoclasm_vaults_ligature,
          layout_vaults_chaotic_city, serial_shops, shop
Vaults:5
Depths:1: layout_twisted_cross, grunt_mini_vestibule, minmay_hedge_maze,
          abyss_entry_flame_altar, serial_sigils,
          serial_sigils_hangedman_writhe, serial_sigils_hangedman_carve,
          serial_sigils_hangedman_scar, serial_sigils_hangedman_gut,
          hangedman_decor_peaks_small, kennysheep_generic_room_7
Depths:2: evilmike_halls_of_destruction, layout_gridville,
          infiniplex_staircase_x, serial_shops, nicolae_shop_crystal,
          hell_entry, serial_bayou_shore_a, serial_bayou_shore_b,
          grunt_megastairs_3, serial_bayou_shore_b
Depths:3: kennysheep_room_grid, layout_gridville, hell_entry,
          rand_demon_pan_entry_3, serial_sigils_hangedman_confine
Depths:4: spriggan_forest, pan_entry, hell_entry, abyss_entry
Depths:5: grunt_x_marks_the_spot, layout_cave_shapes, enter_ziggurat_d,
          hangedman_geh_valley, chequers_serial_rivers_micro_d,
          grunt_decor_resistance

Skill      XL: |  1  2  3  4  5  6  7  8  9 10 11 12 13 14 15 16 17 18 19 20 21 22 23 24 25 26 27 |
---------------+----------------------------------------------------------------------------------+-----
Fighting       | 4 5 6 7 9 10 12 13 14 15 16 18 21 | 21.3
Maces & Flails | 3 4 6 8 9 13 14 15 16 17 18 19 20 | 20.0
Shields        | 4 5 6 8 9 10 11 13 14 15 16 17 18 19 20 | 20.9
Armour         | 4 5 6 7 8 9 10 12 13 14 15 16 17 18 | 18.4
Invocations    | 8 9 11 12 13 15 18 | 18.9
Evocations     | 5 11 14 | 14.4
Dodging        | 4 7 9 12 | 12.3
Long Blades    | 2 |  2.1

Action                   |  1- 3 |  4- 6 |  7- 9 | 10-12 | 13-15 | 16-18 | 19-21 | 22-24 | 25-27 || total
-------------------------+-------+-------+-------+-------+-------+-------+-------+-------+-------++-------
Melee: Flail             |    66 |    27 |       |       |       |       |       |       |       ||    93
       Whip              |       |   156 |   418 |   714 |       |       |       |       |       ||  1288
       Dire flail        |       |       |       |   184 |   887 |   590 |  1671 |  1783 |  1357 ||  6472
Invok: Disaster Area     |       |       |       |       |     1 |     1 |     1 |     3 |     6 ||    12
       Upheaval          |       |       |       |       |       |       |     3 |     3 |     5 ||    11
       Elemental Force   |       |       |       |       |       |       |     4 |     5 |     5 ||    14
 Abil: Dig               |       |       |     3 |     2 |     4 |       |    18 |    43 |    11 ||    81
Evoke: Wand              |       |       |       |       |       |       |       |     4 |     1 ||     5
       Tin of tremorston |       |       |       |       |       |       |       |       |     5 ||     5
       Condenser vane    |       |       |       |       |       |       |       |       |     2 ||     2
  Use: Scroll            |       |       |    27 |    15 |     7 |     3 |    12 |    14 |    21 ||    99
       Potion            |       |       |     2 |       |     1 |     2 |    16 |     9 |    14 ||    44
 Stab: Confused          |       |       |       |       |       |       |     1 |       |       ||     1
       Paralysed         |       |       |       |       |       |       |       |     3 |       ||     3
       Distracted        |       |       |       |       |       |       |       |     2 |       ||     2
       Petrified         |       |       |       |       |       |       |       |       |    13 ||    13
       Petrifying        |       |       |       |       |       |       |       |       |     2 ||     2
Armor: Scale mail        |    27 |    79 |    98 |       |       |       |       |       |       ||   204
       Chain mail        |       |       |    11 |   212 |   144 |    29 |   161 |       |       ||   557
       Gold dragon scale |       |       |       |       |       |       |   115 |   232 |   197 ||   544
Dodge: Dodged            |    18 |    61 |    87 |   144 |   110 |    58 |   208 |   182 |   198 ||  1066
       Repelled          |       |       |       |     2 |     3 |     1 |     8 |    25 |     8 ||    47
Block: Kite shield       |    27 |   103 |   202 |   580 |   683 |   488 |  1515 |  1669 |   176 ||  5443
       Tower shield      |       |       |       |       |       |       |       |       |  1160 ||  1160
       Reflection        |       |       |       |       |       |       |       |       |     8 ||     8
